 Dungeon Crawl Stone Soup version 0.29.1-15-g9cfb28693d (webtiles) character file.

Game seed: 3254103518898745531

57 Descartes the Ducker (level 3, -2/15 HPs)
             Began as a Felid Transmuter on Mar 18, 2023.
             Slain by a gnoll
             ... wielding a +0 flail
              (8 damage)
             ... on level 1 of the Dungeon.
             The game lasted 00:02:26 (2853 turns).

Descartes the Ducker (Felid Transmuter)             Turns: 2853, Time: 00:02:27

Health: -2/15      AC:  1    Str:  8    XL:     3   Next: 73%
Magic:  6/7        EV: 18    Int: 14    God:
Gold:   138        SH:  0    Dex: 16    Spells: 5/6 levels left
                                        Lives:  0   Deaths: 0

rFire   . . .      SeeInvis +     - Unarmed
rCold   . . .      Faith    .   (shield unavailable)
rNeg    . . .      Spirit   .   (body armour unavailable)
rPois   .          Reflect  .   (helmet unavailable)
rElec   .          Harm     .   (cloak unavailable)
rCorr   .          Rampage  .   (gloves unavailable)
Will    .....                   (boots unavailable)
Stlth   ++........              (no amulet)
HPRegen 0.05/turn               (no ring)
MPRegen 0.10/turn               (no ring)

@: appendages (expiring), quick
A: horns 2, very small, claws 1, fangs 3, see invisible, speed 1, shaggy fur 1,
stealthy paws, no weapons or thrown items, no armour, multi-lived
a: End Transformation


You were on level 1 of the Dungeon.
You had temporarily grown beastly horns.
You visited 1 branch of the dungeon, and saw 2 of its levels.

You collected 138 gold pieces.

Inventory:

Jewellery
 d - an amulet of guardian spirit
Scrolls
 c - a scroll of identify {unknown}
 e - a scroll of fear {unknown}
 g - 2 scrolls of teleportation {unknown}
 h - a scroll of noise {unknown}
 i - a scroll of butterflies {unknown}
Potions
 a - 2 potions of lignification
 b - a potion of curing {unknown}
 f - a potion of heal wounds {unknown}
 j - a potion of invisibility {unknown}


   Skills:
 + Level 1.5 Fighting
 + Level 3.4 Dodging
 + Level 1.6 Stealth
 + Level 3.2 Unarmed Combat
 + Level 2.3 Spellcasting
 + Level 0.6 Hexes
 + Level 2.7 Transmutations


You had 5 spell levels left.
You knew the following spells:

 Your Spells              Type           Power      Damage    Failure   Level
a - Beastly Appendage     Tmut           18%        N/A       8%          1

Your spell library contained the following spells:

 Spells                   Type           Power      Damage    Failure   Level
 Wereblood                Tmut           9%         N/A       12%         2
 Necrotise                Necr           4%         1d4       24%         1
 Shock                    Conj/Air       4%         1d3       24%         1
 Spider Form              Tmut/Pois      5%         N/A       36%         3
 Dazzling Flash           Conj/Hex       4%         N/A       52%         3
 Swiftness                Air            1%         N/A       56%         3
 Vampiric Draining        Necr           1%         2d6       56%         3
 Ice Form                 Ice/Tmut       5%         N/A       78%         4
 Airstrike                Air            0%         2d(1-17)  93%         4
 Silence                  Hex/Air        1%         N/A       99%         5
 Agony                    Necr           1%         N/A       100%        5


Dungeon Overview and Level Annotations

Branches:
Dungeon (2/15)

Altars:
Sif Muna

Shops:
D:2 (

Annotations:
D:2 1 runed translucent door, Crazy Yiuf


Innate Abilities, Weirdness & Mutations

You have temporarily grown beastly horns.
You have sharp claws.
You have razor-sharp teeth.
You have supernaturally acute eyesight. (SInv)
You cover ground quickly. (Speed+)
You are covered in fur. (AC +1)
Your paws help you pounce on unaware monsters.
You are incapable of wielding weapons or throwing items.
You cannot wear armour.
You gain extra lives every three experience levels.


Message History

You scratch the gnoll but do no damage.
The gnoll is moderately wounded.
The gnoll closely misses you.
You scratch the gnoll.
The gnoll is almost dead.
The gnoll hits you with a +0 whip.
You scratch the gnoll. You headbutt the gnoll.
You kill the gnoll!
No target in view!
Magic restored.
Your transformation is almost over.
Your horns disappear.
HP restored.
Done exploring.
You climb downwards.
Level annotation: 1 runed translucent door, Crazy Yiuf The gnoll misses you.
There is a stone staircase leading up here.
Casting: Beastly Appendage (safe; 8% risk of failure)
Confirm with . or Enter, or press ? or * to list all spells.
You grow a pair of large bovine horns.
The gnoll barely misses you. The gnoll barely misses you.
You climb upwards.
There is a stone staircase leading down here.
You scratch the gnoll.
The gnoll is heavily wounded.
The gnoll closely misses you.
You scratch the gnoll. Your headbutt misses the gnoll.
You bite the gnoll, but do no damage.
The gnoll is almost dead.
The gnoll hits you with a +0 flail!
Ouch! That really hurt!
You are too injured to fight recklessly!
You are too injured to fight recklessly!
You closely miss the gnoll. You bite the gnoll, but do no damage.
The gnoll is almost dead.
Your transformation is almost over.
The gnoll hits you with a +0 flail!
Ouch! That really hurt!
You die...

#.#.#.##.............#
#.#.#.##.#..####...###
#.#.#.##.#..####..##
..#...............# ###########
..######.########.###.........#
####......# #...).#######.#
#.###..#############.......#
#.##........##### #.#######
####.##...####..@g.## #.#....##
.....#....####..)...###.#.....#
........................#.....#
....##.......#.....######.....#
######.#.#.#.#.....# #.....##.#
.# ##.........##### #####....#
.# #..#.#.#.### #.#### .#
#........#############.# .#
#..#.#.#.##............#


You could see a gnoll.

Vanquished Creatures
  A gnoll (D:1)
  An adder (D:2)
  A worm (D:2)
  2 endoplasms (D:1)
  5 giant cockroaches
  3 goblins
  4 hobgoblins
  2 jackals (D:2)
  3 kobolds
  2 quokkas
  2 ball pythons (D:1)
  2 bats
  A frilled lizard (D:1)
  2 rats
31 creatures vanquished.

Notes
Turn   | Place    | Note
-------+----------+-------------------------------------------
     0 | D:1      | Descartes the Felid Transmuter began the quest for the Orb.
     0 | D:1      | Reached XP level 1. HP: 9/9 MP: 4/4
   537 | D:1      | Reached XP level 2. HP: 12/12 MP: 4/6
  1025 | D:1      | Reached skill level 1 in Stealth
  1696 | D:2      | Reached XP level 3. HP: 3/15 MP: 7/7
  2243 | D:2      | Found a shimmering blue altar of Sif Muna.
  2352 | D:2      | Found a runed translucent door.
  2353 | D:2      | Noticed Crazy Yiuf
  2603 | D:2      | Found Juruca's Antique Weapon Shop.
  2853 | D:1      | Slain by a gnoll

Illustrated notes

Levels and vault maps discovered:
D:1:      co_arrival_random_square_maze, layout_loops_cross,
          serial_co_window_serial, co_window_paths_b, co_window_corner_a,
          co_window_paths_a, co_window_of_opportunity_a,
          co_window_of_opportunity_a, co_window_corner_cb, co_window_broadway_a,
          co_window_broadway_b, glass_columns_a, glass_columns_b,
          glass_columns_b, glass_columns_b, reono_crystal_passage
D:2:      layout_loops_ring, serial_shops, nicolae_shop_crystal, basic_altar,
          uniq_crazy_yiuf_cottage

Skill      XL: |  1  2 |
---------------+-------+-----
Dodging        | 3 |  3.4
Stealth        | 1 |  1.6
Fighting       | |  1.5
Unarmed Combat | |  3.2
Spellcasting   | |  2.3
Hexes          | |  0.6
Transmutations | |  2.7

Action                   || total
-------------------------++-------
Melee: Unarmed           ||   109
       Headbutt          ||    10
       Bite              ||     8
 Cast: Beastly Appendage ||    23
 Stab: Sleeping          ||     3
Armor: Skin              ||     8
Dodge: Dodged            ||    85
